[Event "Early-Titled-Tuesday-Blitz-April-23-2024"]
[Site "Chess.com"]
[Date "2024.04.23"]
[Round "4"]
[White "chess_blitz00"]
[Black "JJDAREK"]
[Result "0-1"]
[WhiteElo "2522"]
[BlackElo "2343"]
[TimeControl "180+1"]
[EndTime "8:41:48 PDT"]
[Termination "JJDAREK won by resignation"]

1. b3 d5 2. Bb2 c6 3. e3 Bf5 4. Nf3 e6 5. Be2 h6 6. O-O Nf6 7. c4 Be7 8. Nc3 O-O 9. d3 Nbd7 10. Qc2 a5 11. a3 Bh7 12. Rac1 Rc8 13. Rfd1 b5 14.
Qd2 bxc4 15. bxc4 Nc5 16. Qe1 Nb3 17. Rb1 dxc4 18. dxc4 Qc7 19. Bd3 Bxd3 20. Rxd3 Nc5 21. Rdd1 Rfd8 22. Rxd8+ Rxd8 23. Rd1 Nd3 24. Qe2 Nxb2 25.
Qxb2 Rxd1+ 26. Nxd1 Qd6 27. Qb1 Qxa3 28. Nd4 Qc5 29.
Qb8+ Kh7 30. Qb1+ g6 31. Nb2 Qb6 32. Qc2 e5 33. Nf3 e4 34. Ne5 Kg7 35. g3 Bd6 36. Qc3 Bxe5 37. Qxe5 Qb3 38. g4 g5 39. Kg2 a4 40. c5 a3 41. Nc4 Qxc4 42. Qa1 Qb5 43.
Qxa3 Qe2 44. Qc3 Qxg4+ 45. Kf1 Qf3 46. Kg1 Qf5 47. Kg2 Qd5 48. h3 Kg6 49. Kg3 h5 50. Kg2 h4 51. Kh2 Nd7 52. Kg2 Nxc5 53. Qh8 Ne6 54.
Qg8+ Kf6 55. Qh8+ Ke7 56. Qg8 c5 57. Qb8 c4 58. Qa7+ Kf6 59. Qa1+ Qe5 60. Qa8 c3 61. Qh8+ Kf5 62. Qh7+ Kf6 63. Qh8+ Ng7 64. Qd8+ Kg6 65. Qc8 f6 66. Qc4 Kh7 67. Qc8 Qf5 68. Qxc3 g4 69. hxg4 Qxg4+ 70. Kf1 h3 71. Qxf6 Qg2+ 72. Ke1 Qg1+ 73. Ke2 Qg4+ 74. Kd2 h2 75. Qe5 h1=Q 76. Qd6 Qhf3 77. Qd5 Qe2+ 78. Kc3 Qd3+ 79. Qxd3 exd3 80. Kd2 Qf3 81. Kxd3 Nf5 82. Kc4 Qxf2 83. Kd5 Nxe3+ 0-1

[Event "Early-Titled-Tuesday-Blitz-April-23-2024"]
[Site "Chess.com"]
[Date "2024.04.23"]
[Round "4"]
[White "guillembaches"]
[Black "KnightDuta"]
[Result "1-0"]
[WhiteElo "2585"]
[BlackElo "2757"]
[TimeControl "180+1"]
[EndTime "8:41:58 PDT"]
[Termination "guillembaches won by checkmate"]

1. e4 c5 2. Nf3 Nc6 3. d4 cxd4 4. Nxd4 Nf6 5. Nc3 e5 6. Ndb5 d6 7. Nd5 Nxd5 8. exd5 Nb8 9. a4 Be7 10. Be2 O-O 11. Bd2 f5 12. a5 a6 13. Na3 Nd7 14. Nc4 Nf6 15. Bb4 Ne8 16. O-O Bd7 17. Nb6 Rb8 18. c4 Bf6 19. c5 e4 20. Qb3 Kh8 21. cxd6 f4 22. Rfe1 Be5 23. Bf1 Nf6 24. Nc4 Qe8 25.
Nxe5 Qxe5 26. Bc3 Qf5 27. Qc4 Bb5 28. Qd4 Bxf1 29. Rxf1 f3 30. Qe5 Qg4 31. Qg3 Qxg3 32. hxg3 Nxd5 33. Rfe1 Nxc3 34. bxc3 fxg2 35. Rxe4 Rbd8 36.
Rd1 Rd7 37. Kxg2 Kg8 38. c4 Rc8 39. Rd5 Rc6 40. c5 Rc8 41. g4 Kf7 42. Rf5+ Kg8 43.
g5 g6 44. Rfe5 Rcd8 45. f4 Kf7 46. Re7+ Kf8 47. Kg3 Kg8 48. Kg4 Kf8 49. f5 gxf5+ 50. Kxf5 Kg8 51. Kf6 Rf8+ 52. Ke6 Rdd8 53. d7 Rf3 54. Kd6 Rd3+ 55. Kc7 Rf8 56. Re8 Rd5 57. Rxf8+ Kxf8 58. d8=Q+ Rxd8 59. Kxd8 Kg7 60. Rb4 Kg6 61. Rxb7 Kxg5 62. Rxh7 Kf5 63. Ra7 Ke6 64. Rxa6+ Kd5 65.
Rb6 Kxc5 66. Rb1 Kc6 67. Ke7 Kc5 68. Kf6 Kc4 69. Kg5 Kc3 70. Kh4 Kc2 71. Rb8 Kc3 72. Rb7 Kc4 73. a6 Kc5 74. a7 Kc6 75. Rb1 Kc5 76. Kg3 Kc4 77. Kf2 Kc3 78. Ke3 Kc2 79. Rb7 Kc3 80. Ke4 Kc4 81. Ke5 Kc5 82. Rb1 Kc4 83. a8=Q Kd3 84. Qa2 Kc3 85. Rb3+ Kc4 86.
Qa4+ Kc5 87. Rb5+ Kc6 88. Qa6+ Kc7 89. Rb7+ Kc8 90. Qa7 Kd8 91. Ke6 Ke8 92. Qb8# 1-0

[Event "Early-Titled-Tuesday-Blitz-April-23-2024"]
[Site "Chess.com"]
[Date "2024.04.23"]
[Round "4"]
[White "platy3"]
[Black "Msb2"]
[Result "1/2-1/2"]
[WhiteElo "2885"]
[BlackElo "3076"]
[TimeControl "180+1"]
[EndTime "8:41:59 PDT"]
[Termination "Game drawn by stalemate"]

1. e4 e6 2. d4 d5 3. Nc3 Nf6 4. e5 Nfd7 5. f4 c5 6. Nf3 Nc6 7. Be3 a6 8. Qd2 b5 9. dxc5 Bxc5 10.
Bd3 Qb6 11. Bf2 Bb7 12. O-O h6 13. Bxc5 Nxc5 14. Qf2 b4 15. Ne2 a5 16. a4 Ba6 17. Rfd1 O-O 18. b3 f5 19. Kh1 Rfb8 20.
Rab1 Ne4 21. Qxb6 Rxb6 22. Kg1 Rc8 23. Rbc1 Nd8 24. Ned4 Rc3 25. Ne2 Rc5 26. Ned4 Rc3 27. h3 Nb7 28. Ne2 Rc8 29. Nfd4 Nbc5 30. Bxa6 Rxa6 31.
g4 g6 32. Kg2 Kf7 33. Kf3 Nd7 34. Ke3 Ndc5 35. gxf5 gxf5 36. Rg1 Raa8 37. Rg2 Rg8 38. Rcg1 Rxg2 39. Rxg2 Rc8 40. h4 Nd7 41. h5 Nf8 42.
Nc1 Rc3+ 43. Nd3 Rc8 44. Nb5 Rc6 45. Kd4 Rc8 46. Nd6+ Nxd6 47. exd6 Nd7 48. Rg6 Rxc2 49. Rxh6 Re2 50. Rh7+ Ke8 51. Re7+ Kd8 52. Nc5 Nxc5 53.
Kxc5 Rc2+ 54. Kd4 Rd2+ 55. Ke5 Rh2 56. Rxe6 Rxh5 57. Kxd5 Rh3 58. Kc4 Rc3+ 59. Kb5 Rxb3 60. Kxa5 Rb1 61. Re5 b3 62. Rxf5 Kd7 63. Rb5 Kxd6 64.
f5 Kc6 65. Ka6 Kc7 66. a5 Rf1 67. Ka7 b2 68. Rxb2 Rxf5 69. a6 Rf1 70. Rc2+ Kd7 71. Rh2 Rb1 72. Rh7+ Kc6 73. Rb7 Rh1 74. Rb8 Kc7 75.
Rb2 Rc1 76. Rh2 Rb1 77. Rh7+ Kc8 78. Rh8+ Kc7 79. Rh5 Rb2 80. Ka8 Kc8 81. a7 Kc7 82. Rh7+ Kc8 83. Rh8+ Kc7 84. Rb8 Rh2 85. Rb7+ Kc8 86.
Rb1 Rc2 87. Rd1 Rb2 88. Rc1+ Kd7 89. Rc4 Rb1 90. Rh4 Kc7 91. Rh8 Rb2 92. Rh7+ Kc8 93.
Rb7 Rxb7 1/2-1/2

[Event "Early-Titled-Tuesday-Blitz-April-23-2024"]
[Site "Chess.com"]
[Date "2024.04.23"]
[Round "4"]
[White "ChainedDowntohell"]
[Black "bubeliang"]
[Result "0-1"]
[WhiteElo "2574"]
[BlackElo "2788"]
[TimeControl "180+1"]
[EndTime "8:42:00 PDT"]
[Termination "bubeliang won by resignation"]

1. d4 d5 2. c4 e6 3. Nc3 Nf6 4. cxd5 exd5 5. Bg5 Be7 6. e3 c6 7. Bd3 O-O 8. Qc2 h6 9. Bf4 Re8 10. h3 c5 11. Nf3 Nc6 12. O-O Nb4 13. Qd1 Nxd3 14.
Qxd3 c4 15. Qc2 Bd7 16. Ne5 b5 17. e4 dxe4 18. Nxe4 Nd5 19. Bg3 Bf5 20. Rfe1 Qc8 21. Qd1 Bf8 22. Qf3 f6 23. Ng4 Bxe4 24. Rxe4 Qd7 25.
Ree1 Nb4 26. Qxf6 Qxg4 27. Qxf8+ Rxf8 28. hxg4 Nc2 29. Rac1 Nxe1 30. Rxe1 Rfe8 31. Be5 b4 32. Kf1 a5 33. Ke2 a4 34. Rc1 Rac8 35. Ke3 b3 36. axb3 cxb3 37. Ra1 Rc2 38. Rxa4 Rxb2 39. Ra7 Rb1 40.
Rxg7+ Kf8 41. Rb7 Ra8 42. d5 Re8 43. Kf4 Rd1 44. d6 Rd5 45. Bc3 Kg8 46. d7 Rd8 47.
Rxb3 R5xd7 48. f3 Rd3 49. Ra3 Rc8 50. Bb2 Rd2 51. Be5 Rxg2 52. Ra7 Rgc2 53. Rg7+ Kf8 54.
Rh7 R2c6 55. Kg3 Kg8 56. Rg7+ Kf8 57. Rh7 Re8 58. Bf4 Ree6 59. Ra7 Kg8 60. Kh4 Rc3 61. Kg3 Rd3 62. Rb7 Rc6 63. Re7 Rcc3 64. Bxh6 Rxf3+ 65. Kh4 Rh3+ 66. Kg5 Rc5+ 67. Kg6 Rc6+ 68. Kf5 Rhxh6 69. g5 Rhd6 70. Re8+ Kf7 71. Ra8 Rd5+ 72. Kf4 Rc4+ 73. Ke3 Rxg5 74. Ra7+ Ke6 75. Ra6+ Kd5 76. Ra5+ Rc5 77.
Ra7 Re5+ 78. Kd3 Ke6 79. Rh7 Rcd5+ 80. Kc4 Rd6 81. Rh4 Kd7 82. Rh7+ Kc6 83. Rh8 Rc5+ 84. Kb4 Rb5+ 85. Kc4 Rb7 86. Rh5 Rc7 87. Kb4 Kb7 88.
Rb5+ Rb6 0-1

[Event "Early-Titled-Tuesday-Blitz-April-23-2024"]
[Site "Chess.com"]
[Date "2024.04.23"]
[Round "4"]
[White "AccioChess"]
[Black "Timerkhanov"]
[Result "0-1"]
[WhiteElo "2451"]
[BlackElo "2641"]
[TimeControl "180+1"]
[EndTime "8:42:02 PDT"]
[Termination "Timerkhanov won by resignation"]

1. e4 c5 2. Nf3 a6 3. c3 d5 4. e5 Nc6 5. d4 Bg4 6. Nbd2 e6 7. h3 Bh5 8. Be2 Rc8 9. O-O Bg6 10. dxc5 Bxc5 11.
Nb3 Bb6 12. Nbd4 Nge7 13. Bf4 O-O 14. Bd3 Bxd3 15. Qxd3 Ng6 16. Bg3 Qd7 17. a4 Bxd4 18. cxd4 Nb4 19. Qb3 a5 20. h4 h6 21. h5 Ne7 22.
Bf4 Rc4 23. Bd2 Nf5 24. Bc3 Qe7 25. g3 Rfc8 26. Rad1 Qd7 27. Kg2 Na6 28. Bxa5 Qxa4 29. Qxa4 Rxa4 30. Bc3 b5 31. Ra1 Nc7 32. b3 Raa8 33.
g4 Ne7 34. Bb4 Nc6 35. Bd6 Ne8 36. Bc5 f6 37. exf6 gxf6 38. Rfe1 Kf7 39. Kg3 Ng7 40.
Reb1 f5 41. g5 Nxh5+ 42. Kh4 Nf4 43. gxh6 Rh8 44. Rxa8 Rxa8 45. Ng5+ Kf6 46. Re1 Rh8 47. Nf3 Rxh6+ 48. Kg3 Nd3 49. Ra1 Rg6+ 50. Kh2 Nxf2 51. Ra6 Ne7 52. Bd6 Ng4+ 53. Kg3 Ne5+ 54. Kf2 Nxf3 55. Kxf3 Rg4 56. Be5+ Kg6 57. Rxe6+ Kf7 58. Rf6+ Ke8 59. Rb6 Ng6 60. Rxb5 Ne7 61. Rb8+ Kf7 62. Rb7 Ke6 63. Rb6+ Kd7 64. Rd6+ Ke8 65. Re6 Kf7 66.
Rf6+ Ke8 67. Rb6 Rg1 68. Bf4 Rf1+ 69. Kg3 Kf7 70. Rb7 Ke6 71. Rb6+ Kd7 72. Rb7+ Kd8 73. Rb8+ Kd7 74. Rb7+ Ke6 75. Rb6+ Kf7 76. b4 Ng6 77. Rb7+ Ke8 78. Bd6 f4+ 79. Kg2 Rb1 80. Rg7 Nh4+ 81. Kh3 Nf5 82. Rg6 f3 83. Bg3 Rh1+ 84. Kg4 Nxg3 85. Kxf3 Ne4 86. Rb6 Kd7 87. Ke3 Nd6 88.
Rb8 Nc4+ 89. Kf4 Rh4+ 90. Kf5 Rxd4 91. Rh8 Rd1 92. Rh6 Rf1+ 93. Kg4 d4 94. Kg3 d3 95. Rh4 d2 0-1

[Event "Early-Titled-Tuesday-Blitz-April-23-2024"]
[Site "Chess.com"]
[Date "2024.04.23"]
[Round "4"]
[White "Fy_Rakotomaharo"]
[Black "kylelancman"]
[Result "1/2-1/2"]
[WhiteElo "2709"]
[BlackElo "2505"]
[TimeControl "180+1"]
[EndTime "8:42:03 PDT"]
[Termination "Game drawn by repetition"]

1. e4 c5 2. Nf3 g6 3. c3 Nf6 4. e5 Nd5 5. d4 cxd4 6. cxd4 Bg7 7. Bc4 Nb6 8. Bb3 O-O 9. O-O d6 10. h3 Nc6 11. exd6 Qxd6 12. Be3 Be6 13. Nc3 Bc4 14. Re1 Rad8 15. Bxc4 Nxc4 16. Qb3 Nxe3 17. fxe3 e6 18. Rad1 Qb4 19. Qc2 Ne7 20. a3 Qa5 21. Nd2 Nd5 22. Nxd5 exd5 23. Nb3 Qa4 24. Qd3 b6 25. Nd2 Rc8 26. Nb1 Qc2 27. Nc3 Qxd3 28. Rxd3 Rfd8 29. Rc1 Rc7 30. Kf2 f5 31. Rdd1 Rdc8 32. Rb1 Rd8 33. Rdc1 Bh6 34. Nb5 Re7 35. Rc3 a6 36. Nc7 Bxe3+ 37. Rxe3 Rxc7 38. Re6 Rc2+ 39. Kf3 Rb8 40. Re7 Rd2 41. Rc1 Rxd4 42. Rcc7 Rh4 43. Rg7+ Kh8 44. Rgd7 d4 45. b4 a5 46. b5 g5 47. a4 Re8 48. Rb7 d3 49. Rxd3 Rxa4 50. Rdd7 Rh4 51. Rxb6 a4 52. Ra6 Rb8 53. Raa7 a3 54.
Rxa3 Rb4 55. Raa7 g4+ 56. hxg4 fxg4+ 57. Kg3 R4xb5 58. Rxh7+ Kg8 59. Rag7+ Kf8 60. Rc7 Kg8 61. Rhg7+ Kh8 62. Rxg4 Rg8 63. Rxg8+ Kxg8 64. Kh4 Rb8 65. Kh5 Kh8 66. g4 Kg8 67. g5 Kh8 68. Kh6 Kg8 69.
Rg7+ Kh8 70. Rh7+ Kg8 71. Ra7 Kh8 72. Ra6 Kg8 73. Rf6 Kh8 74. Kg6 Kg8 75. Re6 Kh8 76.
Kf7 Rb7+ 77. Kf6 Rb8 78. Re7 Kg8 79. Rg7+ Kh8 80. Re7 Kg8 81. Rd7 Rf8+ 82. Kg6 Rb8 83. Rg7+ Kh8 84. Rh7+ Kg8 85. Re7 Rb6+ 86. Kh5 Rb8 87. Kh6 Rb6+ 88. g6 Rb8 89. Rg7+ Kh8 90. Rh7+ Kg8 91. Rf7 Kh8 92. Kg5 Kg8 93. Rf5 Rc8 94.
Re5 Rb8 95. Kf6 Rc8 96. Re6 Rf8+ 97. Kg5 Ra8 98. Re7 Rb8 99. Kh6 Ra8 100. Rg7+ Kh8 101. Rh7+ Kg8 102. Rg7+ Kh8 103. Rh7+ Kg8 104. Rg7+ 1/2-1/2

[Event "Early-Titled-Tuesday-Blitz-April-23-2024"]
[Site "Chess.com"]
[Date "2024.04.23"]
[Round "4"]
[White "jumpingknight20"]
[Black "Attacker_2006"]
[Result "1-0"]
[WhiteElo "2738"]
[BlackElo "2548"]
[TimeControl "180+1"]
[EndTime "8:42:06 PDT"]
[Termination "jumpingknight20 won on time"]

1. Nf3 d5 2. b3 c5 3. Bb2 Nc6 4. e3 Nf6 5. Bb5 Bd7 6. O-O e6 7. d4 cxd4 8. exd4 Bd6 9. c4 O-O 10. Ne5 dxc4 11. bxc4 Qc7 12. Re1 Rfd8 13. Nd2 a6 14.
Ba4 Nxe5 15. dxe5 Bxa4 16. Qxa4 Bc5 17. Bc3 Ng4 18. Ne4 Bd4 19. Bxd4 Rxd4 20. Rac1 Qxe5 21. Ng3 Qf6 22. Re2 Rad8 23. h3 Qg5 24. Rb1 Nxf2 25. Rxf2 Qxg3 26. Rbf1 R4d7 27. Qa5 Qc7 28. Qg5 Rf8 29. c5 Rd5 30. Qe3 Qxc5 31. Qe4 Qd4 32. Qb1 Rb5 33. Qc2 Rf5 34. Kh1 Rxf2 35. Rxf2 h6 36. Rd2 Qa1+ 37. Kh2 Qe5+ 38. Kh1 b5 39. Rd7 Qa1+ 40. Kh2 Qe5+ 41. Kh1 a5 42.
Qf2 Qa1+ 43. Kh2 Qe5+ 44. Kh1 b4 45. Ra7 Qd5 46. Rc7 e5 47. Rc5 Qd1+ 48. Kh2 Qd8 49. Rxe5 Qb8 50. Qg3 f6 51. Rxa5 Qb6 52. Rd5 Qe6 53. Qb3 Kh7 54. Qd3+ Kh8 55. Rb5 Qe7 56. Qd4 Re8 57. Rxb4 Qe2 58. Qf4 Qe7 59. a4 Qa7 60. Rc4 Ra8 61. Rc7 Qa5 62. Qg4 Rg8 63.
Rc4 Qe5+ 64. Qf4 Qe7 65. Qg3 Qa7 66. Rg4 Qa5 67. Qf3 Qe5+ 68. Qf4 Qa5 69. Qb4 Qa8 70. h4 Qc8 71. Qf4 Qe6 72. a5 Ra8 73. Rg3 Rxa5 74.
Qc7 1-0

[Event "Early-Titled-Tuesday-Blitz-April-23-2024"]
[Site "Chess.com"]
[Date "2024.04.23"]
[Round "4"]
[White "Andrey_Klymchuk"]
[Black "Iball95"]
[Result "1/2-1/2"]
[WhiteElo "2692"]
[BlackElo "2862"]
[TimeControl "180+1"]
[EndTime "8:42:10 PDT"]
[Termination "Game drawn by stalemate"]

1. e4 c5 2. Nf3 e6 3. g3 d5 4. exd5 exd5 5. Bg2 Nf6 6. O-O Nc6 7. d4 Be7 8. dxc5 Bxc5 9. Nbd2 O-O 10. Nb3 Bb6 11.
Bg5 Be6 12. c3 h6 13. Bxf6 Qxf6 14. Nfd4 Rad8 15. Qd2 Rfe8 16. Rfe1 Ne5 17. h3 Nc4 18. Qc2 h5 19. h4 a5 20. a4 Re7 21. Re2 Rde8 22.
Rae1 Ba7 23. Bf3 g6 24. Kg2 Bb6 25. Qc1 Kg7 26. Qc2 Nd6 27. Qd3 Ne4 28. Qb5 Bc7 29. Nxe6+ fxe6 30. Bxe4 dxe4 31. Rxe4 Rf8 32. Qe2 Ref7 33.
f4 e5 34. Nc5 exf4 35. Ne6+ Kg8 36. Nxf4 Bxf4 37. Rxf4 Qc6+ 38. Qe4 Rxf4 39. gxf4 Rxf4 40. Qxc6 bxc6 41. Kg3 Rxa4 42. Re6 Rg4+ 43. Kh3 c5 44. Rc6 a4 45. Rxc5 Kf7 46. Ra5 Rc4 47. Rb5 a3 48.
bxa3 Rxc3+ 49. Kg2 Rxa3 50. Rc5 Ra4 51. Kg3 Re4 52. Rb5 Kf6 53. Ra5 Re5 54. Ra3 Kf5 55. Rf3+ Ke6 56. Rf8 Rf5 57. Rg8 Kf7 58. Ra8 Rb5 59.
Ra6 Rb3+ 60. Kg2 Re3 61. Rb6 Kg7 62. Ra6 Re4 63. Kg3 Rg4+ 64. Kh3 Rf4 65. Rb6 Rf3+ 66.
Kg2 Re3 67. Ra6 Kf7 68. Rb6 Re6 69. Rb4 Kf6 70. Rf4+ Ke5 71. Rf8 Rf6 72. Ra8 Rd6 73.
Rf8 Ke4 74. Kg3 Rd3+ 75. Kg2 Ke5 76. Rf7 Ra3 77. Rf8 Ke6 78. Rf4 Ra5 79. Kg3 Re5 80.
Ra4 Re3+ 81. Kf4 Rd3 82. Ra6+ Rd6 83. Rxd6+ Kxd6 84. Kg5 Ke7 85. Kxg6 Kf8 86. Kxh5 Kg8 87. Kg6 Kh8 88. h5 Kg8 89. h6 Kh8 90. h7 1/2-1/2

[Event "Early-Titled-Tuesday-Blitz-April-23-2024"]
[Site "Chess.com"]
[Date "2024.04.23"]
[Round "4"]
[White "HamedWafa4"]
[Black "CristianS27"]
[Result "1/2-1/2"]
[WhiteElo "2729"]
[BlackElo "2555"]
[TimeControl "180+1"]
[EndTime "8:42:14 PDT"]
[Termination "Game drawn - insufficient material"]

1. e4 e5 2. Nf3 Nc6 3. Bb5 a6 4. Ba4 Nf6 5. O-O Nxe4 6. d4 exd4 7. Re1 d5 8. Nxd4 Bd6 9. Nxc6 Bxh2+ 10.
Kf1 Qh4 11. Rxe4+ dxe4 12. Qd8+ Qxd8 13. Nxd8+ Kxd8 14. g3 Bh3+ 15. Ke2 h5 16. Nc3 h4 17. Nxe4 hxg3 18. fxg3 Bf5 19. Ng5 Bxg3 20. Nxf7+ Ke7 21. Nxh8 Rxh8 22. Kf3 Be5 23. Bg5+ Kf7 24. Rf1 Kg6 25. Rg1 Rh3+ 26. Kf2 Rg3 27. Bd8 Rxg1 28. Kxg1 c5 29. c3 b5 30. Bd1 b4 31. cxb4 cxb4 32. b3 Bb1 33. Be7 Bc3 34. Kf2 Kf5 35. Ke3 g5 36. Bd6 a5 37. Bc7 Bxa2 38. Bc2+ Kg4 39. Bxa5 Kh3 40.
Bc7 g4 41. Kf2 Bd4+ 42. Kf1 g3 43. Bf5+ Kh2 44. Bc2 Bc5 45. Bf4 Bd4 46. Bd6 Bc3 47. Ke2 Kh3 48. Bf5+ Kh4 49. Bc2 Kg4 50. Bc7 Bd4 51. Kf1 Kf3 52. Bd1+ Ke3 53. Bxg3 Kd2 54. Bg4 Bxb3 55. Be1+ Kc2 56. Bf5+ Kb2 57. Bxb4 Bc3 58.
Bc5 Bc4+ 59. Kf2 Be5 60. Ke3 Bc3 61. Bg4 Bg7 62. Bb4 Bb3 63. Kd3 Bc2+ 64. Kd2 Bh6+ 65. Ke2 Bg7 66. Be6 Bb3 67. Bf5 Bc4+ 68. Kd1 Bh6 69.
Bd6 Bb3+ 70. Ke2 Bc4+ 71. Kf3 Bd5+ 72. Kf2 Bg7 73. Bd3 Bd4+ 74. Ke2 Kc3 75. Bf5 Bc4+ 76.
Kd1 Bd5 77. Bc7 Bf3+ 78. Kc1 Bd5 79. Ba5+ Kc4 80. Kc2 Kc5 81. Bd8 Bc4 82. Be7+ Kd5 83. Bh7 Ke6 84. Bb4 Bb5 85. Bg8+ Ke5 86. Be1 Ba4+ 87. Kd2 Bb5 88. Bg3+ Kf5 89. Bh7+ Kg4 90. Bd6 Kh3 91. Bg8 Kg4 92. Be6+ Kh5 93. Bf4 Bf6 94.
Bf5 Bg5 95. Ke3 Bxf4+ 96. Kxf4 1/2-1/2

[Event "Early-Titled-Tuesday-Blitz-April-23-2024"]
[Site "Chess.com"]
[Date "2024.04.23"]
[Round "4"]
[White "FairChess_on_YouTube"]
[Black "a_kandil"]
[Result "1-0"]
[WhiteElo "3089"]
[BlackElo "2519"]
[TimeControl "180+1"]
[EndTime "8:42:19 PDT"]
[Termination "FairChess_on_YouTube won by resignation"]

1. e4 c5 2. Nc3 d6 3. Nge2 g6 4. d4 cxd4 5. Nxd4 Bg7 6. Be3 Nf6 7. f3 O-O 8. Qd2 Nc6 9. O-O-O d5 10. Kb1 e5 11. Nxc6 bxc6 12. Bc5 Be6 13. h4 h5 14. b3 dxe4 15. Nxe4 Nxe4 16. fxe4 Bg4 17. Qxd8 Rfxd8 18. Rxd8+ Rxd8 19. Bc4 Rd7 20. a4 Bf8 21.
Be3 Kg7 22. a5 f5 23. a6 f4 24. Bf2 Kf6 25. Kb2 Be6 26. Kc3 Bxc4 27. bxc4 Bd6 28. Rb1 Ke6 29. Rb7 c5 30. Kb3 Rxb7+ 31. axb7 Kd7 32. Bxc5 Bb8 33. Bb4 Kc6 34. Ba5 Kxb7 35. c5 Kc6 36. Kc4 a6 37. Bb6 Bc7 38. Bxc7 Kxc7 39.
Kd5 a5 40. Kxe5 Kc6 41. Kd4 a4 42. c4 a3 43. Kc3 Kxc5 44. e5 g5 45. hxg5 h4 46.
g6 h3 47. gxh3 f3 48. g7 f2 49. g8=Q f1=Q 50. Qc8+ Kb6 51. Qb8+ Kc6 52. Qa8+ Kc7 53. Qa7+ Kc6 54. Qa6+ Kc7 55. Qa5+ Kc8 56. Qxa3 Qxh3+ 57. Kb4 Qh2 58. Qa8+ Kc7 59. Qa7+ Kc8 60. Qc5+ Kd7 61. Qd5+ Kc7 62. Qd6+ Kc8 63. Qe6+ Kc7 64. Qe7+ Kc8 65. Qe8+ Kc7 66. Qf7+ Kc8 67. Qe6+ Kc7 68. Qd6+ Kb7 69. Qd5+ Kc7 70. Qc5+ Kb7 71. Qb5+ Kc7 72. Qa5+ Kc6 73.
Kb3 Qg3+ 74. Qc3 Qh2 75. Kb4 Qh8 76. Qf3+ Kc7 77. Qf7+ Kc8 78. Qe6+ Kc7 79. Qd6+ Kb7 80. Qd7+ Kb6 81. Qd6+ Kb7 82. e6 Qb2+ 83. Ka5 Qa2+ 84. Kb5 Qb3+ 85. Qb4 Qe3 86. e7 Qb6+ 87. Ka4 1-0

[Event "Early-Titled-Tuesday-Blitz-April-23-2024"]
[Site "Chess.com"]
[Date "2024.04.23"]
[Round "4"]
[White "GMAneta"]
[Black "AradNazari"]
[Result "0-1"]
[WhiteElo "2500"]
[BlackElo "2721"]
[TimeControl "180+1"]
[EndTime "8:42:49 PDT"]
[Termination "AradNazari won by checkmate"]

1. d4 Nf6 2. Nf3 g6 3. c4 Bg7 4. g3 O-O 5. Bg2 d5 6. cxd5 Nxd5 7. O-O a5 8. e4 Nb4 9. a3 N4a6 10. h3 c6 11. Nc3 Nd7 12. Bf4 Nb6 13. Qe2 Be6 14.
Rfd1 Bb3 15. Rd2 Nc4 16. Rd3 a4 17. Nxa4 Bxa4 18. b3 Bb5 19. a4 Nb2 20. axb5 Nxd3 21. Qxd3 Nc5 22. Rxa8 Nxd3 23. Rxd8 Rxd8 24. Be3 cxb5 25.
Bf1 Nb4 26. Bxb5 Nc2 27. e5 Nxe3 28. fxe3 e6 29. Kf2 Ra8 30. g4 Ra2+ 31. Kg3 Rb2 32. Bc4 b5 33. Bxb5 Rxb3 34. Bf1 Rxe3 35. Kf4 Rc3 36.
Ke4 Bf8 37. Bd3 Ra3 38. Be2 Bb4 39. Bd3 Bc3 40. Be2 Bb2 41. Bd3 Bc1 42. Ne1 Bd2 43. Nf3 Bc3 44. Be2 Kg7 45. Bd3 h6 46. Be2 Ra1 47.
h4 Bb2 48. g5 hxg5 49. hxg5 Bc1 50. Bd3 Ra8 51. Be2 Rh8 52. d5 exd5+ 53. Kxd5 Rh5 54. e6 fxe6+ 55. Kxe6 Bxg5 56. Ne5 Rh2 57. Bd3 Bf4 58. Nxg6 Bg3 59. Bf5 Re2+ 60. Kd5 Kf6 61. Bd3 Rd2 62.
Kc4 Bd6 63. Nh4 Ra2 64. Nf3 Ra4+ 65. Kd5 Bc7 66. Be4 Ra5+ 67. Kd4 Bf4 68. Kd3 Ra3+ 69. Kd4 Be3+ 70. Kd5 Ra5+ 71. Kc4 Bf4 72. Kd3 Ke7 73. Kd4 Kd6 74. Kc4 Ra4+ 75. Kd3 Kc5 76. Bf5 Bd6 77. Be4 Ra3+ 78. Ke2 Bf4 79. Bf5 Kc4 80. Be4 Kc3 81.
Bf5 Ra2+ 82. Kf1 Be3 83. Ke1 Rf2 84. Be4 Rb2 85. Kd1 Ra2 86. Ke1 Bf4 87. Kd1 Rb2 88. Ke1 Bg3+ 89. Kd1 Ra2 90. Bf5 Ra5 91. Be4 Ra7 92.
Ke2 Re7 93. Ke3 Bc7 94. Ng5 Bb6+ 95. Kf3 Kd4 96. Bf5 Re5 97. Kg4 Ra5 98. Nf3+ Ke3 99.
Ng5 Ra4+ 100. Kh5 Kf4 101. Bg4 Ra5 102. Kh4 Rxg5 103. Bf3 Bf2+ 104. Kh3 Kxf3 105. Kh2 Rh5# 0-1

[Event "Early-Titled-Tuesday-Blitz-April-23-2024"]
[Site "Chess.com"]
[Date "2024.04.23"]
[Round "4"]
[White "AnishOnYoutube"]
[Black "PeshkaCh"]
[Result "1/2-1/2"]
[WhiteElo "3072"]
[BlackElo "2881"]
[TimeControl "180+1"]
[EndTime "8:42:57 PDT"]
[Termination "Game drawn by 50-move rule"]

1. Nf3 Nf6 2. c4 c5 3. Nc3 Nc6 4. g3 g6 5. Bg2 Bg7 6. O-O O-O 7.
d4 cxd4 8. Nxd4 Qa5 9. Nc2 d6 10. Bd2 Qh5 11. e4 Ng4 12. h3 Nge5 13. Qxh5 gxh5 14. b3 Bxh3 15. f4 Bxg2 16. Kxg2 Nd3 17. Rh1 f5 18. Rxh5 e5 19. fxe5 fxe4 20. Nxe4 Rae8 21.
Rah1 Rxe5 22. Rxe5 Bxe5 23. Ne3 Nc5 24. Ng5 Re8 25. Nd5 Ne7 26. Nc7 Rc8 27. Nce6 Nxe6 28. Nxe6 d5 29. Bg5 dxc4 30. Bxe7 Kf7 31. Ng5+ Kxe7 32. Rxh7+ Kf6 33. Ne4+ Kg6 34. Rxb7 c3 35. Nxc3 Rxc3 36. Rxa7 Rxg3+ 37. Kf2 Rc3 38. Ke2 Kf5 39.
Ra4 Bf4 40. Rc4 Re3+ 41. Kd1 Ke5 42. Kc2 Re2+ 43. Kb1 Be3 44. a4 Bd4 45. Rc2 Re1+ 46. Rc1 Re2 47. Rc2 Re1+ 48. Rc1 Re3 49. Kc2 Kd5 50. Rd1 Rc3+ 51. Kb2 Rg3+ 52. Kc2 Kc5 53. Rd3 Rg2+ 54. Rd2 Rg3 55. Rd3 Rg4 56. Kd2 Rg2+ 57. Kd1 Rh2 58. Kc1 Be5 59. Kd1 Kb4 60. Re3 Bc3 61.
a5 Kxb3 62. a6 Rd2+ 63. Kc1 Rd7 64. Rf3 Re7 65. Rf1 Ra7 66. Kd1 Rxa6 67. Ke2 Kc2 68.
Rf7 Re6+ 69. Kf3 Kd3 70. Ra7 Rf6+ 71. Kg4 Ke4 72. Ra4+ Bd4 73. Kh4 Rg6 74. Rb4 Ke3 75.
Kh5 Rg1 76. Ra4 Ke4 77. Kh4 Rg2 78. Rb4 Ke5 79. Kh3 Rd2 80. Ra4 Kf4 81. Ra8 Be3 82.
Rf8+ Ke4 83. Kg3 Bd4 84. Rf4+ Kd3 85. Kf3 Rf2+ 86. Kg4 Rg2+ 87. Kf5 Be3 88. Rf3 Rg5+ 89. Ke6 Ke4 90. Rf1 Rg6+ 91. Ke7 Ra6 92. Re1 Ra3 93.
Ke6 Ra6+ 94. Ke7 Rb6 95. Re2 Kd4 96. Kf7 Bf4 97. Re6 Rb7+ 98. Kf6 Rb5 99. Re1 Be3 100. Ke6 Re5+ 101. Kd7 Kd5 102. Rd1+ Bd4 103. Kd8 Rh5 104.
Kd7 Rh4 105. Rd2 Re4 106. Rd1 Kc5 107. Rc1+ Kd5 108. Rd1 Rg4 109. Rd2 Rg7+ 110. Kd8 Rh7 111. Rd1 Rh2 112. Kd7 Ra2 113. Kd8 Ra7 114. Rd2 Ke5 115. Kc8 Bc5 116. Rd7 Ra8+ 1/2-1/2

[Event "Early-Titled-Tuesday-Blitz-April-23-2024"]
[Site "Chess.com"]
[Date "2024.04.23"]
[Round "4"]
[White "noblerone"]
[Black "ChessSwole"]
[Result "1/2-1/2"]
[WhiteElo "2517"]
[BlackElo "2707"]
[TimeControl "180+1"]
[EndTime "8:43:08 PDT"]
[Termination "Game drawn by 50-move rule"]

1. e4 e5 2. Nf3 Nc6 3. Bc4 Nf6 4. d3 h6 5. c3 d6 6. Bb3 g6 7. h3 Bg7 8. O-O O-O 9. Nbd2 Re8 10. Re1 Be6 11. Nf1 d5 12. Qe2 d4 13. Bxe6 Rxe6 14. c4 Nd7 15. Rb1 a5 16. b3 Nc5 17. a3 Kh7 18. Bd2 Qf8 19. Ng3 Ree8 20. h4 h5 21. Ng5+ Kg8 22. Rf1 f6 23. Nh3 Ne6 24. f4 exf4 25.
Nxf4 Nxf4 26. Bxf4 Qxa3 27. Bxc7 Qc5 28. Bf4 Nb4 29.
Bd2 Re6 30. Nh1 Nc6 31. Bf4 Rae8 32. Qf2 Kh7 33. Qg3 Nb4 34. Nf2 Nc2 35. Nh3 Ne3 36.
Rfe1 Ng4 37. Bd2 Kg8 38. Nf4 Kh7 39. Nxe6 Rxe6 40. Ra1 b6 41. Rab1 Qe7 42. b4 a4 43.
Rec1 f5 44. exf5 gxf5 45. Bg5 Qe8 46. Qc7 Re2 47. Qf4 Qa8 48. Qxf5+ Kh8 49. Qf3 Qe8 50.
Rf1 Rc2 51. Qf7 Qe2 52. Qxh5+ Kg8 53. Qf7+ Kh7 54. Qf5+ Kg8 55. Qf3 Qe6 56. c5 Ne5 57. Qg3 Qd5 58. cxb6 Nxd3 59. h5 Be5 60. Qg4 Kh7 61.
h6 Qb7 62. Bh4 Bh8 63. Bg5 Ne5 64. Qg3 Ng6 65. Bf4 Bf6 66. Bg5 Be5 67. Qg4 d3 68.
Be3 Re2 69. Rbd1 Rxe3 70. Rf5 Re2 71. Rc1 Bd4+ 72. Kh1 Bxb6 73. Rf6 Qxg2+ 74. Qxg2 Rxg2 75. Kxg2 Ne5 76. Rd1 Be3 77. Ra6 Nc4 78. Rxa4 Nb2 79. Rxd3 Nxd3 80. Ra3 Ne1+ 81. Kf1 Nc2 82. Rc3 Nxb4 83.
Rxe3 Kxh6 84. Re2 Nd5 85. Kg1 Kg5 86. Kf2 Nf4 87. Re4 Kf5 88. Kf3 Nd5 89. Ra4 Ke5 90.
Ra5 Kd4 91. Ra4+ Ke5 92. Rh4 Nf6 93. Ke3 Kf5 94. Rh1 Ng4+ 95. Kf3 Ne5+ 96. Kg3 Ke4 97. Rh4+ Kd5 98. Kf4 Nd3+ 99. Kf5 Nc5 100. Rh1 Nd3 101. Rd1 Kd4 102. Kg6 Ke4 103. Ra1 Ne5+ 104. Kf6 Nc4 105. Ke6 Kd4 106. Ra4 Kc5 107. Ra1 Kd4 108. Rd1+ Ke4 109. Rc1 Ne3 110. Kd6 Kd4 111. Kc6 Nc4 112. Kb5 Nd6+ 113. Kb4 Ne4 114. Rd1+ Ke5 115. Kc4 Nd6+ 116. Kc5 Ne4+ 117. Kc4 Nd6+ 118. Kd3 Kd5 119. Rh1 Ke5 120. Rh4 Nf5 121.
Re4+ Kd5 122. Ra4 Nd6 123. Ra5+ Kc6 124. Kd4 Nb5+ 125. Kc4 Nd6+ 126. Kb4 Kb6 127. Rd5 Kc6 128. Rc5+ Kb6 129. Rh5 Kc6 130. Rh6 Kd7 131. Kc5 Nf7 132. Rg6 Ke7 133. Kd5 Kd7 1/2-1/2